 Seeded DCSS version 0.30.1-9-gdf580d7c3d (webtiles) character file.

Game seed: 7229806256980976716 (custom seed)

104913 Psyclone the Eclecticist (level 16, 105/105 HPs)
             Began as an Octopode Venom Mage on Oct 6, 2023.
             Was an Initiate of Gozag.
             Quit the game on level 1 of the Lair of Beasts.
             The game lasted 01:42:16 (31415 turns).

Psyclone the Eclecticist (Octopode Venom Mage)     Turns: 31415, Time: 01:42:16

Health: 105/105    AC:  7    Str:  6    XL:     16   Next: 40%
Magic:  44/44      EV: 14    Int: 53    God:    Gozag
Gold:   1388       SH:  4    Dex:  8    Spells: 1/45 levels left

rFire   + . .        a - +3 Elemental Staff {rElec rF+ rC+ AC+3}
rCold   + + +        P - +0 buckler
rNeg    + . .        S - +3 crown of Dyrovepreva {rElec Int+2 SInv}
rPois   +            (no amulet)
rElec   +            e - ring of the Mage {Wiz Archmagi}
rCorr   +            f - ring "Yjoxom" {Contam rPois rC++ MP+9 Int+8 Dex-4}
SInv    +            K - ring of resist corrosion
Will    +....        m - ring of positive energy
Stlth   +++          Q - +6 ring of intelligence
HPRegen 1.17/turn    R - +6 ring of intelligence
MPRegen 0.29/turn    (no ring)
                     (no ring)

%: wizardry (x1), archmagi
@: no status effects
A: almost no armour, amphibious, 8 rings, camouflage 1, gelatinous body 1,
(nimble swimmer 1), tentacles, clever 2, regeneration 1, noise suppression
a: Renounce Religion, Potion Petition, Call Merchant, Bribe Branch


You were on level 1 of the Lair of Beasts.
You worshipped Gozag.
Gozag was most pleased with you.
You visited 3 branches of the dungeon, and saw 22 of its levels.
You also visited: Ossuary and Bailey.

You collected 8255 gold pieces.
You spent 3118 gold pieces at shops.
You paid 3749 gold pieces to Gozag.

Inventory:

Hand Weapons
 a - the +3 Elemental Staff (weapon) {rElec rF+ rC+ AC+3}
   (You acquired it on level 1 of the Dungeon)

   It enhances your fire, ice, earth and air magic.
   AC:        It affects your AC (+3).
   rF:        It protects you from fire.
   rC:        It protects you from cold.
   rElec:     It insulates you from electricity.
Missiles
 h - 2 throwing nets {!f}
Armour
 P - a +0 buckler (worn)
 S - the +3 crown of Dyrovepreva (worn) {rElec Int+2 SInv}
   (You bought it in a shop on level 2 of the Orcish Mines)

   Int:       It affects your intelligence (+2).
   rElec:     It insulates you from electricity.
   SInv:      It lets you see invisible.
 W - the +2 hood of the Assassin {Detect Stab+ Stlth++}
   (You acquired it on level 14 of the Dungeon)

   Detect:    It allows the wearer to sense nearby creatures.
   Stab+:     It allows the wearer to make particularly effective stabbing
   attacks against helpless or unaware enemies with any weapon.
   Stlth:     It makes you much more stealthy.
Jewellery
 e - the ring of the Mage (left tentacle) {Wiz Archmagi}
   (You acquired it on level 1 of the Dungeon)

   [ring of wizardry]

   It improves your spell success rate.
   Archmagi:  It increases the power of your magical spells.
 f - the ring "Yjoxom" (right tentacle) {Contam rPois rC++ MP+9 Int+8 Dex-4}
   (You acquired it on level 1 of the Dungeon)

   [ring of magical power]

   Int:       It affects your intelligence (+8).
   Dex:       It affects your dexterity (-4).
   rC:        It greatly protects you from cold.
   rPois:     It protects you from poison.
   MP:        It affects your magic capacity (+9).
   Contam:    It causes magical contamination when unequipped.
 m - a ring of positive energy (on tentacle)
 K - a ring of resist corrosion (on tentacle)
 Q - a +6 ring of intelligence (on tentacle)
 R - a +6 ring of intelligence (on tentacle)
Wands
 L - a wand of charming (26)
 N - a wand of digging (5)
 T - a wand of iceblast (19)
 U - a wand of mindburst (6)
 V - a wand of acid (5)
 X - a wand of flame (15)
Scrolls
 b - 8 scrolls of amnesia
 d - 6 scrolls of identify {@r1}
 g - 7 scrolls of blinking
 j - 3 scrolls of enchant armour
 k - 9 scrolls of teleportation
 p - 4 scrolls of poison
 q - 4 scrolls of brand weapon
 w - 13 scrolls of vulnerability
 x - 3 scrolls of fog
 y - a scroll of butterflies
 z - 5 scrolls of silence {!r}
 C - 7 scrolls of magic mapping
 G - 3 scrolls of fear
 H - 2 scrolls of torment {unknown}
 I - 6 scrolls of enchant weapon {unknown}
 J - 6 scrolls of immolation {unknown}
 M - 2 scrolls of noise {unknown}
Potions
 c - 2 potions of magic
 i - 7 potions of might
 l - 6 potions of brilliance
 n - 16 potions of curing
 o - 5 potions of mutation
 r - 7 potions of attraction
 s - 4 potions of lignification
 t - 3 potions of cancellation
 u - 10 potions of heal wounds
 v - 5 potions of flight
 A - 3 potions of ambrosia
 B - 3 potions of berserk rage
 D - 3 potions of degeneration
 E - 4 potions of haste
 F - 2 potions of resistance
 O - a potion of invisibility


   Skills:
 - Level 8.0 Fighting
 - Level 8.0 Dodging
 - Level 2.6 Stealth
 - Level 4.0 Shields
 - Level 15.0 Spellcasting
 + Level 9.1 Conjurations
 - Level 4.0 Necromancy
 + Level 9.3 Transmutations
 * Level 6.6 Fire Magic
 - Level 8.0 Ice Magic
 - Level 8.0 Air Magic
 + Level 9.3 Earth Magic
 - Level 8.0 Poison Magic


You had one spell level left.
You knew the following spells:

 Your Spells              Type           Power      Damage    Failure   Level
a - Poisonous Vapours     Pois/Air       100%       N/A       1%          2
b - Dispel Undead         Necr           89%        3d28      1%          4
c - Statue Form           Tmut/Erth      94%        N/A       1%          6
d - Mephitic Cloud        Conj/Pois/Air  100%       N/A       1%          3
e - Iskenderun's Mystic   Conj/Tloc      93%        2d18      1%          4
f - Freezing Cloud        Conj/Ice/Air   81%        6-21      1%          5
g - Arcjolt               Conj/Air       69%        1d79      1%          5
q - Blink                 Tloc           100%       N/A       1%          2
r - Swiftness             Air            100%       N/A       1%          3
s - Ignite Poison         Fire/Tmut/Pois 100%       N/A       1%          3
v - Sting                 Tmut/Pois      100%       1d8       0%          1
x - Olgreb's Toxic Radia  Pois           100%       N/A       1%          4
y - Cigotuvi's Dreadful   Necr/Pois/Air  100%       N/A       1%          2

Your spell library contained the following spells:

 Spells                   Type           Power      Damage    Failure   Level
 Shock                    Conj/Air       100%       1d9       0%          1
 Kiss of Death            Conj/Necr      100%       2d13      1%          1
 Summon Small Mammal      Summ           100%       N/A       1%          1
 Passwall                 Tmut/Erth      100%       N/A       0%          2
 Ensorcelled Hibernation  Hex/Ice        100%       N/A       1%          2
 Lesser Beckoning         Tloc           100%       N/A       1%          2
 Momentum Strike          Conj/Tloc      100%       3d10      1%          2
 Call Canine Familiar     Summ           56%        N/A       1%          3
 Confusing Touch          Hex            56%        N/A       1%          3
 Dazzling Flash           Conj/Hex       100%       N/A       1%          3
 Inner Flame              Hex/Fire       100%       N/A       1%          3
 Summon Guardian Golem    Hex/Summ       56%        N/A       1%          3
 Volatile Blastmotes      Fire/Tloc      100%       2d18      1%          3
 Flame Wave               Conj/Fire      100%       2d21      1%          4
 Fulminant Prism          Conj/Hex       46%        3d20      1%          4
 Petrify                  Tmut/Erth      100%       N/A       1%          4
 Sticky Flame             Conj/Fire      100%       2d11      1%          4
 Agony                    Necr           89%        N/A       1%          5
 Lee's Rapid Deconstruct  Erth           71%        3d32*     1%          5
 Metabolic Englaciation   Hex/Ice        55%        N/A       1%          5
 Silence                  Hex/Air        55%        N/A       1%          5
 Eringya's Noxious Bog    Tmut/Pois      57%        N/A       1%          6
 Summon Forest            Summ/Tloc      28%        N/A       8%          5
 Death Channel            Necr           44%        N/A       9%          6
 Summon Hydra             Summ           28%        N/A       90%         7


Dungeon Overview and Level Annotations

Branches:
Dungeon (15/15) Zot: 22172  Temple (0/1) D:4            Lair (5/5) D:11 Zot: 22738
  Swamp (0/4) Lair:2        Snake (0/4) Lair:3        Slime (0/5) Lair:4
    Orc (2/2) D:12 Zot: 9193     Elf (0/3) Orc:2        Vaults (0/5) D:13
 Depths (0/4) D:15        Ossuary (visited)          Bailey (visited)

Altars:
Elyvilon
Gozag
Okawaru
Qazlal
Trog
Uskayaw
Yredelemnul
Zin
The Shining One
Jiyva

Shops:
D:6 :   D:10 :   Orc:1 *   Orc:2 ***[[[!(?==   Lair:1 !:=:

Portals:
Trove: D:12 (give 8 potions of haste)


Innate Abilities, Weirdness & Mutations

You cannot wear most types of armour.
You are amphibious.
You can wear up to eight rings at the same time.
Your skin changes colour to match your surroundings (Stealth+).
Your rubbery body absorbs attacks. (AC +1, EV +1)
((You are camouflaged when in or above water. (Stealth+)))
You have tentacles for arms and can constrict up to eight enemies at once.
Your mind is very acute. (Int +8, Str/Dex -2)
Your natural rate of healing is unusually fast.
You passively dampen the noise of your surroundings.


Message History

There is a stone staircase leading up here.
You climb upwards.
There is a stone staircase leading down here.
There is an open door here.
There is an open door here.
There is a stone staircase leading up here.
You climb upwards.
There is a stone staircase leading down here.
There is a stone staircase leading up here.
You climb upwards.
There is a stone staircase leading down here.
There is an open door here.
Things that are here:
a +0 plate armour; a +0 hand axe You see here a +0 long sword.
There is a staircase to the Lair here.
You climb downwards.
Welcome back to the Lair of Beasts!
There is a staircase back to the Dungeon here. [a] 1139 gold - Emeus's Book Shop [b] 705 gold - Apnoheno's General Store [c] 1260 gold - Ruaseoqa's Antique Weapon Boutique Fund which merchant?
You no longer have enough gold to fund merchants seeking to open stores in the dungeon.
Emeus invites you to visit his Book Shop.
You can access your shopping list by pressing '$'.
Unknown command.
Search for what [Enter for "wizardry", or ? for help]? irradiate Unknown command.
Okay, then.
Unknown command.
Unknown command.
Saving game... please wait.
Welcome back, Psyclone the Octopode Venom Mage.
Game seed: 7229806256980976716 (custom seed) Gozag says: Greed is good.
Press ? for a list of commands and other information.
You see here a +0 ring mail.
There are no items here.
Unknown command.
Are you sure you want to abandon this character and quit the game? (Confirm with "yes".)

....##.P#.#####....#.....[......#
....##..#.#####...#...#.##.##....
.................##...#..##..#...
#..................8..#+###..###.
#................#...#.........#.
.................#.+##...........
.................................
.................................
##....##+###P...@###..######.....
##...#.#.####∩∩∩∩####.######.....
##...##....##....##........##....
##...+.....##....##........P#....
##...##....##.<............##....
#.....#...)................##....
##...P#....##....##........##....
#....##....##....###P####.##.....
.....########....#######.####....


There were no monsters in sight!

Vanquished Creatures
  Kirke (Lair:4)
  An ironbound preserver (D:13)
  An orc warlord (Bailey)
  A stone giant (D:15)
  Josephine (D:15)
  7 hydras
  Erolcha (D:11)
  6 catoblepae
  A ghost crab (Lair:2)
  An ogre mage (Orc:1)
  5 boulder beetles
  9 centaur warriors
  4 two-headed ogres
  A death knight (D:15)
  9 death yaks (Lair:5)
  2 tengu warriors (D:15)
  Urug (D:13)
  A skyshark (Lair:5)
  Lodul (D:11)
  A swamp dragon (Lair:4)
  2 orc knights
  A lindwurm (Lair:5)
  3 deep elf pyromancers
  3 cyclopes
  An oklob plant (Lair:5)
  13 ugly things
  A wizard (D:15)
  4 manticores
  Maurice (D:11)
  3 black mambas
  5 elephants (Lair:4)
  3 torpor snails
  11 cane toads
  2 gargoyles (D:10)
  A rime drake (Lair:2)
  A cane toad (shapeshifter) (D:14)
  An unseen horror (shapeshifter) (D:14)
  An efreet (D:15)
  An unseen horror (D:13)
  8 komodo dragons
  2 tengu conjurers (D:15)
  3 trolls
  A meliai (shapeshifter) (D:15)
  A tyrant leech (Lair:4)
  2 polar bears (Lair:5)
  3 hornets (Orc:1)
  9 dream sheep (Lair:5)
  8 blink frogs
  18 slime creatures
  4 shadows
  2 vampires
  11 wraiths
  8 spriggans (D:10)
  6 hogs (Lair:4)
  6 wyverns
  73 yaks
  6 basilisks
  3 humans
  The ghost of kamileon1 the Firebug, an amateur DgFE (D:3)
  12 vampire mosquitoes
  2 wargs
  2 acid dragons (D:10)
  6 swamp worms (Lair:4)
  3 nagas (Lair:3)
  12 water moccasins
  A floating eye (Orc:1)
  3 black bears
  2 hornet zombies (Ossuary)
  54 orc warriors
  A spectral yak (Lair:2)
  2 ice beasts
  A sky beast (D:6)
  2 swamp drakes (Lair:4)
  13 ogres
  A spectral rime drake (Lair:2)
  20 centaurs
  9 wolves (Lair:1)
  A spectral basilisk (Lair:2)
  2 kobold brigands
  15 bullfrogs
  3 wyvern zombies
  A gnoll sergeant (D:7)
  6 scorpions
  2 spectral water moccasins (Lair:2)
  2 water moccasin zombies (Ossuary)
  7 wights
  12 killer bees
  A howler monkey (D:6)
  8 electric eels
  3 bullfrog zombies (Ossuary)
  2 centaur zombies (Ossuary)
  A gnoll bouda (D:6)
  2 jellies
  18 orc priests
  3 hounds
  2 bullfrog skeletons (D:3)
  An iguana (D:6)
  2 sleepcaps
  4 hell rats (Lair:5)
  17 orc wizards
  3 killer bee zombies (Ossuary)
  16 mummies
  2 howler monkey zombies (Ossuary)
  14 gnolls
  A howler monkey skeleton (D:3)
  9 adders
  2 shadow imps
  2 white imps (D:8)
  2 ufetubi
  3 worms
  87 orcs
  5 bats
  4 endoplasms
  6 giant cockroaches
  18 goblins
  15 hobgoblins
  20 jackals
  10 kobolds
  4 quokkas
  6 ball pythons
  A frilled lizard (D:1)
  A goblin zombie (D:4)
  An orc zombie (D:4)
  4 rats
785 creatures vanquished.

Notes
Turn   | Place    | Note
-------+----------+-------------------------------------------
     0 | D:1      | Psyclone the Octopode Venom Mage began the quest for the
                  | Orb.
     0 | D:1      | Reached XP level 1. HP: 11/11 MP: 3/3
    80 | D:1      | Identified 3 scrolls of acquirement
    80 | D:1      | Acquired the ring of the Mage {Wiz Archmagi}
    80 | D:1      | Found the ring of the Mage {Wiz Archmagi}
    86 | D:1      | Acquired the ring "Yjoxom" {Contam rPois rC++ MP+9 Int+8
                  | Dex-4}
   207 | D:1      | Acquired the +3 Elemental Staff {rElec rF+ rC+ AC+3}
   207 | D:1      | Found the +3 Elemental Staff {rElec rF+ rC+ AC+3}
   559 | D:1      | Gained mutation: Your natural rate of healing is unusually
                  | fast. [potion of mutation]
   559 | D:1      | Gained mutation: You passively dampen the noise of your
                  | surroundings. [potion of mutation]
   559 | D:1      | Gained mutation: Your mind is acute. (Int +4, Str/Dex -1)
                  | [potion of mutation]
   559 | D:1      | Gained mutation: Your mind is very acute. (Int +8, Str/Dex
                  | -2) [potion of mutation]
   862 | D:1      | Reached skill level 1 in Necromancy
   862 | D:1      | Reached XP level 2. HP: 17/17 MP: 5/5
  1089 | D:1      | Reached XP level 3. HP: 21/21 MP: 6/6
  1313 | D:2      | Learned a level 2 spell: Poisonous Vapours
  1609 | D:2      | Reached skill level 3 in Spellcasting
  1655 | D:2      | Reached XP level 4. HP: 24/27 MP: 8/8
  2125 | D:2      | Reached XP level 5. HP: 31/31 MP: 10/10
  2365 | D:3      | Learned a level 4 spell: Dispel Undead
  2497 | D:3      | Found a runed translucent gate.
  2497 | D:3      | Found a runed translucent gate.
  2497 | D:3      | Found a runed translucent gate.
  2699 | D:3      | Found a glowing silver altar of Zin.
  2791 | D:3      | Noticed kamileon1's ghost (amateur DgFE)
  2840 | D:3      | Killed kamileon1's ghost
  2841 | D:3      | Reached skill level 4 in Spellcasting
  2841 | D:3      | Reached XP level 6. HP: 36/36 MP: 11/12
  2969 | D:3      | Reached skill level 5 in Spellcasting
  3193 | D:4      | Found a white marble altar of Elyvilon.
  3195 | D:4      | Reached XP level 7. HP: 41/41 MP: 15/15
  3209 | D:4      | Learned a level 4 spell: Olgreb's Toxic Radiance
  3212 | D:4      | Learned a level 2 spell: Cigotuvi's Dreadful Rot
  3239 | D:4      | Found a glowing golden altar of the Shining One.
  3551 | D:4      | Found a staircase to the Ecumenical Temple.
  3561 | D:4      | Found a stormy altar of Qazlal.
  3689 | D:4      | Found a sand-covered staircase.
  3696 | D:4      | Reached skill level 6 in Spellcasting
  3723 | Ossuary  | Entered an ossuary
  3922 | Ossuary  | Reached skill level 5 in Poison Magic
  4068 | Ossuary  | Reached XP level 8. HP: 32/46 MP: 10/17
  4678 | Ossuary  | Reached skill level 7 in Spellcasting
  4925 | D:5      | Entered Level 5 of the Dungeon
  5037 | D:6      | Found Xixtot's Book Boutique.
  5061 | D:7      | Found a flagged portal.
  5074 | Bailey   | Entered a bailey
  5100 | Bailey   | Reached XP level 9. HP: 51/51 MP: 20/20
  5101 | Bailey   | Reached skill level 8 in Spellcasting
  5101 | Bailey   | Reached skill level 1 in Fighting
  5301 | Bailey   | Reached skill level 5 in Fighting
  5472 | Bailey   | Noticed an orc warlord
  5539 | Bailey   | Killed an orc warlord
  5540 | Bailey   | Reached XP level 10. HP: 65/72 MP: 22/22
  5579 | Bailey   | Noticed an orc knight
  5619 | Bailey   | Killed an orc knight
  5620 | Bailey   | Reached skill level 5 in Dodging
  5671 | Bailey   | Reached XP level 11. HP: 77/77 MP: 23/23
  5678 | Bailey   | Learned a level 5 spell: Freezing Cloud
  5894 | D:10     | Entered Level 10 of the Dungeon
  5901 | D:10     | Found an opulent altar of Gozag.
  5901 | D:10     | Noticed a two-headed ogre
  5926 | D:10     | Reached skill level 1 in Conjurations
  5929 | D:10     | Killed a two-headed ogre
  6026 | D:10     | Became a worshipper of Gozag Ym Sagoz the Greedy
  7555 | D:10     | Found Ycypaut's Book Shoppe.
  7562 | D:10     | Bought a Trismegistus Codex for 338 gold pieces
  7633 | D:6      | Learned a level 3 spell: Ignite Poison
  7637 | D:6      | Learned a level 3 spell: Mephitic Cloud
  8549 | D:7      | Identified the +8 trident "Idaugra" {freeze, Stlth+}
 11009 | D:9      | Reached XP level 12. HP: 73/82 MP: 24/24
 11070 | D:10     | Bought a book of Blasting for 520 gold pieces
 11101 | D:9      | Noticed a two-headed ogre
 11104 | D:9      | Killed a two-headed ogre
 11318 | D:9      | Found a bloodstained altar of Trog.
 11321 | D:9      | Reached skill level 5 in Conjurations
 11501 | D:9      | Identified the +7 battleaxe of Sustre {heavy, Str+5}
 13251 | D:11     | Learned a level 3 spell: Swiftness
 13361 | D:10     | Bought a book of Spatial Translocations for 234 gold pieces
 13380 | D:11     | Noticed Lodul
 13383 | D:11     | Killed Lodul
 13388 | D:11     | Reached skill level 5 in Transmutations
 13403 | D:11     | Noticed a boulder beetle
 13416 | D:11     | Killed a boulder beetle
 13770 | D:11     | Noticed Maurice
 13783 | D:11     | Killed Maurice
 13784 | D:11     | Reached XP level 13. HP: 88/88 MP: 24/25
 13827 | D:11     | Noticed Erolcha
 13830 | D:11     | Killed Erolcha
 13831 | D:11     | Reached skill level 9 in Spellcasting
 14385 | D:11     | Found a staircase to the Lair.
 15109 | D:12     | Found an iron altar of Okawaru.
 15597 | D:12     | Found a portal to a secret trove of treasure.
 15706 | D:12     | Reached skill level 10 in Spellcasting
 15986 | D:12     | Found a staircase to the Orcish Mines.
 16183 | D:12     | You fall into a shaft and drop 3 floors!
 16183 | D:15     | Entered Level 15 of the Dungeon
 16847 | Orc:1    | Entered Level 1 of the Orcish Mines
 17092 | Orc:2    | Entered Level 2 of the Orcish Mines
 17092 | Orc:2    | Found Cuownes's Magic Scroll Shoppe.
 17096 | Orc:2    | Reached skill level 11 in Spellcasting
 17241 | Orc:2    | Found Benloydgh's Jewellery Boutique.
 17262 | Orc:2    | Found Ozaus's Jewellery Shoppe.
 17289 | Orc:2    | Bought a +6 ring of intelligence for 648 gold pieces
 17300 | Orc:2    | Bought a +6 ring of intelligence for 468 gold pieces
 17305 | Orc:2    | Learned a level 2 spell: Blink
 17310 | Orc:2    | Learned a level 4 spell: Iskenderun's Mystic Blast
 17352 | Orc:2    | Found Voallin's Antique Weapon Boutique.
 17964 | Orc:2    | Found a staircase to the Elven Halls.
 18116 | Orc:2    | Found Eshryuthy's General Store.
 18125 | Orc:2    | Found Tygilis's General Store.
 18128 | Orc:2    | Found Cefigh's Specific Store.
 18158 | Orc:2    | Reached XP level 14. HP: 90/94 MP: 29/29
 18323 | Orc:2    | Found Qacsuasuka's Antique Armour Shop.
 18323 | Orc:2    | Found Toije's Antique Armour Shoppe.
 18327 | Orc:2    | Found Ulefeotz's Distillery.
 18329 | Orc:2    | Found Salolel's Antique Armour Boutique.
 18341 | Orc:2    | Bought the +3 crown of Dyrovepreva {rElec Int+2 SInv} for
                  | 910 gold pieces
 18341 | Orc:2    | Found the +3 crown of Dyrovepreva {rElec Int+2 SInv}
 18630 | Orc:1    | Reached skill level 12 in Spellcasting
 18884 | Orc:1    | Found Yfont's Overcharged Wands.
 19152 | Orc:1    | Reached skill level 1 in Shields
 19709 | Lair:1   | Entered Level 1 of the Lair of Beasts
 21352 | Lair:2   | Reached skill level 13 in Spellcasting
 21891 | Lair:2   | Learned a level 6 spell: Statue Form
 22065 | Lair:2   | Found a staircase to the Swamp.
 22078 | Lair:2   | Reached skill level 1 in Earth Magic
 23053 | Lair:3   | Found a staircase to the Snake Pit.
 23529 | Lair:4   | Found a staircase to the Slime Pits.
 23529 | Lair:4   | Found a viscous altar of Jiyva.
 23545 | Lair:4   | Reached skill level 5 in Earth Magic
 23955 | Lair:4   | Noticed Kirke
 23961 | Lair:4   | Killed Kirke
 24000 | Lair:4   | Reached XP level 15. HP: 99/99 MP: 7/32
 24713 | Lair:5   | Entered Level 5 of the Lair of Beasts
 24727 | Lair:5   | Reached skill level 14 in Spellcasting
 26346 | Lair:5   | Reached skill level 15 in Spellcasting
 26505 | Lair:5   | Reached skill level 1 in Fire Magic
 26672 | Lair:5   | Got the Compilation of Entrancing Wounds
 26683 | Lair:5   | Learned a level 5 spell: Arcjolt
 26995 | D:14     | Acquired the +2 hood of the Assassin {Detect Stab+ Stlth++}
 26995 | D:14     | Found the +2 hood of the Assassin {Detect Stab+ Stlth++}
 27887 | D:13     | Noticed Urug
 27890 | D:13     | Killed Urug
 28303 | D:13     | Found a gate to the Vaults.
 28420 | D:13     | Reached XP level 16. HP: 105/105 MP: 35/35
 29263 | D:14     | Reached skill level 5 in Fire Magic
 29654 | D:14     | Found a basalt altar of Yredelemnul.
 29682 | D:14     | Found a hide-covered altar of Uskayaw.
 29960 | D:15     | Identified the +4 rapier of the Bouncing Spines {flame,
                  | Will+ Int+4}
 30083 | D:15     | Noticed Josephine
 30086 | D:15     | Killed Josephine
 31112 | D:15     | Found a staircase to the Depths.
 31415 | Lair:1   | Quit the game

Illustrated notes

Levels and vault maps discovered:
D:1:      spicycebolla_arrival_ecumenical, layout_loops_ring
D:2:      layout_basic
D:3:      layout_rooms, mainiacjoe_overflow_paths, gammafunk_ghost_necromancy
D:4:      layout_rooms, tso_metal_star, mainiacjoe_overflow_catwalk,
          elyvilon_altar_5, minmay_temple_entry_stoned_glass,
          nicolae_ossuary_entry_giza, minmay_misc_feat_square, minivault_4
D:5:      layout_basic
D:6:      kennysheep_six_static_rooms, layout_basic, serial_shops,
          nicolae_shop_stone, serial_bayou_lagoon_b
D:7:      layout_basic, enter_bailey_2
D:8:      minmay_recursive_quarters, layout_layer_cave
D:9:      layout_gridville, trog_book
D:10:     kb_forest_paths, layout_basic,
          nicolae_gozag_cash_rules_everything_around_me, serial_shops, shop,
          minmay_tree_intersection, kennysheep_path_1
D:11:     layout_loops_ring, grunt_lair_entry_orc_guard_hut, uniq_lodul,
          uniq_erolcha, uniq_maurice
D:12:     layout_roguey, erik_orc_3, nicolae_trove_entry_diagonal,
          okawaru_humans
D:13:     layout_roguey, skrybe_vaults_entry_preservation, uniq_urug
D:14:     layout_basic, yredelemnul_altar_generic,
          nicolae_uskayaw_murder_on_the_dancefloor
D:15:     grunt_enter_depths_snipers, layout_irregular_city, uniq_josephine
Lair:1:   layout_regular_city, grunt_megastairs_4
Lair:2:   layout_hall_layers, nicolae_swamp_entry_spooky,
          chequers_serial_rivers_large_a, disabler_island
Lair:3:   layout_roguey, minmay_snake_entry_guardpost_small, beast_lair_carwin_8
Lair:4:   onia_ninara_swampy_vault, layout_loops_ring, slime_entry_1,
          st_stairs_8, uniq_kirke
Lair:5:   evilmike_catoblepas_cave, layout_regular_city, lemuel_fruit_tree,
          grunt_megastairs_3
Orc:1:    hellmonk_paralyzer, layout_caves, nicolae_shop_overcharged_wands
Orc:2:    st_orc_rangers, layout_caves, serial_shops, shop, shop,
          nicolae_shop_behind_doors, nicolae_shop_pleasant_corner_grove,
          nicolae_shop_tiny_waterfront, nicolae_specific_store

Skill      XL: |  1  2  3  4  5  6  7  8  9 10 11 12 13 14 15 16 |
---------------+-------------------------------------------------+-----
Necromancy     | 1 2 3 4 |  4.0
Spellcasting   | 3 4 5 6 7 8 11 13 15 | 15.0
Poison Magic   | 5 8 |  8.0
Fighting       | 8 |  8.0
Dodging        | 4 5 6 7 8 |  8.0
Ice Magic      | 6 7 8 |  8.0
Air Magic      | 6 7 8 |  8.0
Conjurations   | 4 7 8 9 |  9.1
Transmutations | 3 5 8 9 |  9.3
Shields        | 4 |  4.0
Earth Magic    | 6 8 9 |  9.3
Fire Magic     | 4 6 |  6.6
Stealth        | |  2.6

Action                     |  1- 3 |  4- 6 |  7- 9 | 10-12 | 13-15 | 16-18 || total
---------------------------+-------+-------+-------+-------+-------+-------++-------
  Melee: Staff             |    46 |    28 |    20 |    46 |    18 |       ||   158
         Tentacles         |     9 |     7 |     4 |     9 |     8 |       ||    37
         Constrict         |     9 |     6 |     5 |     9 |     3 |       ||    32
         Punch             |       |     1 |       |     2 |     1 |       ||     4
   Cast: Sting             |    20 |     4 |     4 |     2 |       |       ||    30
         Poisonous Vapours |    11 |    35 |    35 |   115 |   204 |    30 ||   430
         Dispel Undead     |       |     8 |    44 |    17 |    11 |       ||    80
         Olgreb's Toxic Ra |       |       |    10 |    27 |    57 |     6 ||   100
         Cigotuvi's Dreadf |       |       |     2 |     4 |       |       ||     6
         Ignite Poison     |       |       |       |    55 |   166 |    24 ||   245
         Freezing Cloud    |       |       |       |    18 |    96 |    12 ||   126
         Mephitic Cloud    |       |       |       |     3 |       |     2 ||     5
         Iskenderun's Myst |       |       |       |       |    29 |    12 ||    41
         Statue Form       |       |       |       |       |     2 |       ||     2
 Invoke: Call Merchant     |       |       |       |       |     3 |     1 ||     4
    Use: Scroll            |     3 |       |       |       |    24 |       ||    27
         Potion            |     1 |       |       |     2 |       |       ||     3
   Stab: Sleeping          |     2 |     2 |     1 |     1 |     1 |       ||     7
 Armour: Skin              |    27 |    15 |     7 |    22 |    24 |     4 ||    99
  Dodge: Dodged            |    37 |    40 |    30 |    76 |    84 |     9 ||   276
  Block: Buckler           |       |       |       |       |     4 |     2 ||     6
